 Dungeon Crawl Stone Soup version 0.15-a0-1723-gae8f746 (webtiles) character file.

125 BluebellGnoll the Cutter (level 4, -3/22 HPs)
             Began as a Spriggan Wanderer on June 26, 2014.
             Was an Initiate of Nemelex Xobeh.
             Slain by Grinder (4 damage)
             ... on Level 3 of the Dungeon.
             The game lasted 00:13:13 (1995 turns).

BluebellGnoll the Cutter (Spriggan Wanderer)        Turns: 1995, Time: 00:13:14

HP  -3/22        AC  4     Str  9      XL: 4   Next: 82%
MP   8/8         EV 18     Int 12      God: Nemelex Xobeh [......]
Gold 122         SH  0     Dex 16      Spells:  0 memorised,  3 levels left

rFire  . . .     SeeInvis +     a - +2 dagger
rCold  . . .     Clarity  .     e - +0 robe
rNeg   . . .     rCorr    .     (shield restricted)
rPois  .         rRot     .     o - +2 hat
rElec  .         Spirit   .     (no cloak)
SustAb .         Warding  .     (gloves unavailable)
rMut   .         Stasis   .     (boots unavailable)
Gourm  .                        (no amulet)
MR     .....                    (no ring)
                                (no ring)

@: very quick, not resistant to hostile enchantments, fairly stealthy
A: unfitting armour, see invisible, herbivore 3, speed 3, slow metabolism 2
a: Renounce Religion


You were on level 3 of the Dungeon.
You worshipped Nemelex Xobeh.
Nemelex Xobeh was noncommittal.
You were full.

You visited 1 branch of the dungeon, and saw 3 of its levels.

You collected 122 gold pieces.

Inventory:

Hand weapons
 a - a +2 dagger (weapon)
Missiles
 l - 12 poisoned needles
Armour
 e - a +0 robe (worn)
 o - a +2 hat (worn)
Comestibles
 j - a bread ration
Scrolls
 b - a scroll of blinking
 d - a scroll of teleportation
 g - a scroll of noise {unknown}
 h - a scroll of enchant armour {unknown}
 k - a scroll of remove curse {unknown}
 m - a scroll of identify {unknown}
Potions
 c - a potion of curing
 f - a potion of porridge
 i - a potion of haste {unknown}
 n - a potion of poison {unknown}
 p - 2 potions of heal wounds {unknown}
Miscellaneous
 q - a plain deck of war {drawn: 6}


   Skills:
 - Level 1.5 Fighting
 + Level 5.5 Short Blades
 * Level 3.4 Dodging
 + Level 5.4 Stealth
 * Level 1.3 Evocations


You had 3 spell levels left.
You didn't know any spells.

Dungeon Overview and Level Annotations

Branches:
Dungeon (3/15)

Altars:
Nemelex Xobeh
Xom

Annotations:
D:3 Grinder


Innate Abilities, Weirdness & Mutations

You are tiny and cannot use many weapons and most armour.
You have supernaturally acute eyesight.
You are a herbivore.
You cover ground extremely quickly.
You need consume almost no food.


Message History

Evoke which item? (* to show all) (? for menu, Esc to quit)
You draw a card...
It is the Illusion.
Wield which item (- for none, * to show all)? (? for menu, Esc to quit)
a - a +2 dagger (weapon)
Suddenly you stand beside yourself.
You hit Grinder but do no damage.
Grinder is almost dead.
Grinder misses you.
You hit Grinder but do no damage.
Grinder is almost dead.
BluebellGnoll's illusion hits Grinder but does no damage.
BluebellGnoll's illusion hits Grinder.
Unknown command.
You closely miss Grinder.
Grinder is almost dead.
Grinder hits you!
* * * LOW HITPOINT WARNING * * *
You writhe in agony.
You die...
Your body disappears without a glow.

. ..... (.....#
...!.......
.........(#
##..##.....#
....#.....# #
#..##.@.##.# ...
#..#..5@..#
####....
###.....Z####
#........
#..(....##
#........
#....#.##...#
#....... ..#
#5####.######....#
#.####...........#
#...§########...##
###§..## #..<#
.#####.....###
#...#


You could see Grinder, a hobgoblin skeleton and the friendly BluebellGnoll's
illusion.

Vanquished Creatures
  A phantom (D:2)
  2 adders (D:2)
  A worm (D:2)
  2 oozes
  An orc (D:2)
  A ball python (D:1)
  3 giant cockroaches (D:2)
  7 goblins
  4 hobgoblins
  4 kobolds
  10 bats
  A giant newt (D:1)
  5 rats
42 creatures vanquished.

Vanquished Creatures (collateral kills)
  An insubstantial wisp (D:2)
1 creature vanquished.

Grand Total: 43 creatures vanquished

Notes
Turn   | Place    | Note
--------------------------------------------------------------
     0 | D:1      | BluebellGnoll, the Spriggan Wanderer, began the quest for the Orb.
     0 | D:1      | Reached XP level 1. HP: 10/10 MP: 2/2
   310 | D:1      | Reached XP level 2. HP: 12/14 MP: 4/4
   550 | D:1      | Reached skill level 5 in Stealth
  1151 | D:2      | Reached XP level 3. HP: 18/18 MP: 6/6
  1403 | D:2      | Found a shimmering altar of Xom.
  1569 | D:2      | Reached skill level 5 in Short Blades
  1588 | D:2      | Found a sparkling altar of Nemelex Xobeh.
  1592 | D:2      | Became a worshipper of Nemelex Xobeh the Trickster
  1637 | D:2      | Reached XP level 4. HP: 22/22 MP: 8/8
  1699 | D:2      | Noticed a phantom
  1721 | D:2      | Received a gift from Nemelex Xobeh
  1825 | D:2      | Killed a phantom
  1964 | D:3      | Noticed Grinder
  1977 | D:3      | Paralysed by Grinder for 3 turns
  1992 | D:3      | Noticed BluebellGnoll's illusion
  1995 | D:3      | HP: 1/22 [Grinder (10)]
  1995 | D:3      | Slain by Grinder

Action                   |  1- 3 |  4- 6 || total
-------------------------+-------+-------++-------
Melee: Dagger            |   131 |    14 ||   145
Evoke: Deck              |       |     6 ||     6
  Use: Potion            |       |     1 ||     1
 Stab: Sleeping          |     9 |     2 ||    11
